Description

Full guide:

1) Take out your balls 2) Place them on opponents face 3) ... T-bag complete!

VOD

https://www.youtube.com/watch?v=qreIXoTAr58

Replay - PvT prism stalker into T-bag

Build Order

Get SALT Encoding   

  12  0:00  Probe  
  13  0:13  Probe  
  14  0:20  Pylon  
  14  0:25  Probe  
  15  0:38  Probe (Chrono Boost)  
  15  0:42  Gateway  
  16  0:45  Assimilator  
  17  0:50  Probe (Chrono Boost)  
  17  0:55  Probe (Chrono Boost)  
  18  1:05  Probe  
  19  1:18  Probe  
  20  1:26  Nexus  
  20  1:38  Cybernetics Core  
  20  1:40  Probe  
  20  1:46  Assimilator  
  21  1:52  Probe  
  22  1:55  Pylon  
  23  2:11  Stalker (Chrono Boost)  
  23  2:15  Warp Gate  
  27  2:36  Robotics Facility  
  27  2:42  Stalker (Chrono Boost)  
  33  3:05  Stalker  
  39  3:21  Warp Prism (Chrono Boost)  
  42  3:34  Pylon  
  44  3:45  Gateway x2  
  47  3:56  Observer (Chrono Boost)  
  47  4:01  Assimilator  
  49  4:04  Pylon  
  50  4:10  Pylon  
  50  4:19  Stalker  
  51  4:42  Stargate  
  51  4:46  Stalker x2  
  51  4:51  Assimilator  
  51  4:52  Robotics Facility  
  56  4:53  Robotics Bay  
  56  4:58  Stalker  
  56  4:59  Nexus  
  59  5:05  Observer  
  59  5:30  Gateway x2  
  59  5:38  Observer  
  64  5:57  Disruptor x2 (Chrono Boost)  
  64  6:03  Gateway x3  
  69  6:11  Gateway  
  70  6:29  Disruptor x2 (Chrono Boost)  
  76  6:33  Stalker  
  76  6:36  Assimilator x2  
  82  6:55  Disruptor x2 (Chrono Boost)  
  90  7:03  Stalker x2  
  102  7:23  Disruptor x2  
  115  7:40  Forge x2  
  116  7:59  Disruptor  
  117  8:11  Disruptor  
  120  8:15  Nexus  
  120  8:18  Assimilator x2  
  120  8:19  Twilight Council  
  120  8:35  Observer  
  120  8:43  Photon Cannon x2  
Spawning Tool Build Advisor. Get it on Overwolf

Go to:

Details

  • Created by: PiG      
  • Published on: Jan 31, 2018
  • Modified on: Jul 01, 2019
  • Patch: 4.0.0
Show
View Real Time Build Order
Export as new Build Order

Comments (1)

On March 8, 2018, 7:28 p.m., kkjohn1984  said:

I like the description of this buid :)

Create an account to comment!